[Event "GambitGuide"]
[Site "Internet Chess Club"]
[Date "2014.10.30"]
[Round "1"]
[White "JSBach"]
[Black "ziwenzhou"]
[Result "1-0"]
[ICCResult "Black resigns"]
[WhiteElo "1717"]
[BlackElo "2059"]
[Opening "Vienna: `Frankenstein-Dracula' variation"]
[ECO "C27"]
[NIC "VG.02"]
[Time "18:46:06"]
[TimeControl "120+12"]

1. e4 e5 2. Nc3 Nf6 3. Bc4 Nxe4 4. Qh5 Nd6 5. Bb3 Nc6 6. Nb5 g6 7. Qf3 f5 8.
Qd5 Qe7 9. Nxc7+ Kd8 10. Nxa8 b6 11. Ba4 Nb4 12. Qb3 Ne4 13. a3 Qc5 14. d4
Qxd4 15. Be3 Qd5 16. axb4 {Black resigns} 1-0

[Event "GambitGuide"]
[Site "Internet Chess Club"]
[Date "2014.10.30"]
[Round "1"]
[White "JSBach"]
[Black "waynehatcher"]
[Result "0-1"]
[ICCResult "White checkmated"]
[WhiteElo "1717"]
[BlackElo "1858"]
[Opening "Vienna: `Frankenstein-Dracula' variation"]
[ECO "C27"]
[NIC "VG.02"]
[Time "18:43:28"]
[TimeControl "120+12"]

1. e4 e5 2. Nc3 Nf6 3. Bc4 Nxe4 4. Qh5 Nd6 5. Bb3 Nc6 6. Nb5 g6 7. Qf3 f5 8.
Qd5 Qe7 9. Nxc7+ Kd8 10. Nxa8 b6 11. Ba4 Bb7 12. Nxb6 axb6 13. Qb3 Nc8 14.
Ne2 Bg7 15. Bb5 Re8 16. Qa4 Nd6 17. Bd3 e4 18. Ba6 Kc7 19. Nf4 Qe5 20. Bxb7
Nxb7 21. Ne2 d5 22. Qb5 Nd6 23. Qa6 d4 24. c4 f4 25. g3 f3 26. Nf4 Ne7 27.
Qa7+ Nb7 28. O-O g5 29. Nh5 Bh8 30. Qa4 Nc6 31. Re1 Qf5 32. b4 Qh3 33. Nf4
gxf4 34. Qxc6+ Kxc6 35. b5+ Kc7 36. gxf4 Qg2# {White checkmated} 0-1

[Event "GambitGuide"]
[Site "Internet Chess Club"]
[Date "2014.10.30"]
[Round "1"]
[White "JSBach"]
[Black "Riltus1"]
[Result "1-0"]
[ICCResult "Black checkmated"]
[WhiteElo "1717"]
[BlackElo "1236"]
[Opening "Vienna: `Frankenstein-Dracula' variation"]
[ECO "C27"]
[NIC "VG.02"]
[Time "18:46:02"]
[TimeControl "120+12"]

1. e4 e5 2. Nc3 Nf6 3. Bc4 Nxe4 4. Qh5 Nd6 5. Bb3 Nc6 6. Nb5 g6 7. Qf3 f5 8.
Qd5 Qe7 9. Nxc7+ Kd8 10. Nxa8 b6 11. Ba4 Nd4 12. f4 exf4+ 13. Kd1 Bb7 14.
Qxd4 Bxa8 15. Nf3 Ne4 16. Re1 Qc5 17. Qxd7# {Black checkmated} 1-0

[Event "GambitGuide"]
[Site "Internet Chess Club"]
[Date "2014.10.30"]
[Round "1"]
[White "JSBach"]
[Black "Wannabet"]
[Result "1-0"]
[ICCResult "Black resigns"]
[WhiteElo "1717"]
[BlackElo "1436"]
[Opening "Vienna: `Frankenstein-Dracula' variation"]
[ECO "C27"]
[NIC "VG.02"]
[Time "18:44:08"]
[TimeControl "120+12"]

1. e4 e5 2. Nc3 Nf6 3. Bc4 Nxe4 4. Qh5 Nd6 5. Bb3 Nc6 6. Nb5 g6 7. Qf3 f5 8.
Qd5 Qe7 9. Nxc7+ Kd8 10. Nxa8 b6 11. Ba4 Nb4 12. Qb3 Ne4 13. d3 Nf6 14. a3
Nbd5 15. Bg5 h6 16. Qxd5 Nxd5 17. Bxe7+ Nxe7 18. d4 Bb7 19. Rd1 exd4 20.
Nxb6 axb6 21. Rxd4 Nc6 22. Rd2 Kc7 23. Bb3 Bg7 24. c3 Re8+ 25. Ne2 Ne5 26.
Bd5 Ba6 27. Kd1 Nd3 28. Nd4 Kd6 29. Bf7 Bxd4 30. cxd4 Rf8 31. Bxg6 f4 32.
Bxd3 {Black resigns} 1-0

[Event "GambitGuide"]
[Site "Internet Chess Club"]
[Date "2014.10.30"]
[Round "1"]
[White "JSBach"]
[Black "WhiteMoon"]
[Result "1-0"]
[ICCResult "Black resigns"]
[WhiteElo "1717"]
[BlackElo "2159"]
[Opening "Vienna: `Frankenstein-Dracula' variation"]
[ECO "C27"]
[NIC "VG.02"]
[Time "18:46:49"]
[TimeControl "120+12"]

1. e4 e5 2. Nc3 Nf6 3. Bc4 Nxe4 4. Qh5 Nd6 5. Bb3 Nc6 6. Nb5 g6 7. Qf3 f5 8.
Qd5 Qe7 9. Nxc7+ Kd8 10. Nxa8 b6 11. Ba4 Bb7 12. Nxb6 axb6 13. Qb3 Kc7 14.
Ne2 Bg7 15. Nc3 Nd4 16. Nd5+ Bxd5 17. Qxd5 b5 18. Bb3 Ra8 19. Qxa8
{Black resigns}
1-0

[Event "GambitGuide"]
[Site "Internet Chess Club"]
[Date "2014.10.30"]
[Round "1"]
[White "JSBach"]
[Black "MacClassic"]
[Result "1-0"]
[ICCResult "Black resigns"]
[WhiteElo "1717"]
[BlackElo "1605"]
[Opening "Vienna: `Frankenstein-Dracula' variation"]
[ECO "C27"]
[NIC "VG.02"]
[Time "18:46:23"]
[TimeControl "120+12"]

1. e4 e5 2. Nc3 Nf6 3. Bc4 Nxe4 4. Qh5 Nd6 5. Bb3 Nc6 6. Nb5 g6 7. Qf3 f5 8.
Qd5 Qe7 9. Nxc7+ Kd8 10. Nxa8 b6 11. Ba4 Bb7 12. Nxb6 axb6 13. Qb3 Kc7 14.
Ne2 Nd4 15. Nxd4 exd4+ 16. Kf1 Bg7 17. Qb4 Re8 18. d3 b5 19. Qc5+ Kd8 20.
Be3 dxe3 21. Qb6+ Kc8 22. Bxb5 Nxb5 23. Qxb5 exf2 24. Qc4+ Kb8 25. Qf4+ Be5
26. Qxf2 Bxb2 27. Rb1 Ba3 28. Qf3 d6 29. d4 Kc8 30. Qc3+ Kd8 31. Qa5+ Kc8
32. Qc3+ Kb8 33. Qf3 Ka8 34. Qxa3+ Kb8 35. Qd3 Ka8 36. Qb5 Qe4 37. Qa5+ Kb8
38. Qd2 f4 39. Rb3 Rf8 40. Kg1 f3 41. Qf2 fxg2 42. Qxf8+ Kc7 43. Qf7+ Kb8
44. Qxb7+ Qxb7 45. Rxb7+ Kxb7 46. Kxg2 {Black resigns} 1-0

[Event "GambitGuide"]
[Site "Internet Chess Club"]
[Date "2014.10.30"]
[Round "1"]
[White "JSBach"]
[Black "Heian"]
[Result "1/2-1/2"]
[ICCResult "Game drawn by repetition"]
[WhiteElo "1717"]
[BlackElo "1562"]
[Opening "Vienna: `Frankenstein-Dracula' variation"]
[ECO "C27"]
[NIC "VG.02"]
[Time "18:45:04"]
[TimeControl "120+12"]

1. e4 e5 2. Nc3 Nf6 3. Bc4 Nxe4 4. Qh5 Nd6 5. Bb3 Nc6 6. Nb5 g6 7. Qf3 f5 8.
Qd5 Qe7 9. Nxc7+ Kd8 10. Nxa8 b6 11. Ba4 Bb7 12. Nxb6 axb6 13. Qb3 Kc7 14.
Ne2 Ne4 15. d3 Nc5 16. Qa3 Nxa4 17. Qxa4 e4 18. dxe4 fxe4 19. c4 Qb4+ 20.
Qxb4 Bxb4+ 21. Bd2 Bxd2+ 22. Kxd2 Ne5 23. b3 d5 24. cxd5 Bxd5 25. Nf4 Bc6
26. Kc2 Kb7 27. Raf1 Rc8 28. Kb1 Bb5 29. Re1 Nd3 30. Rxe4 Nxf2 31. Re7+ Ka6
32. Rc1 Ra8 33. Rxh7 Nd3 34. Ne6 Ka5 35. Rcc7 Kb4 36. Rhe7 Nc5 37. Nxc5 bxc5
38. Rb7 Rf8 39. a3+ Ka5 40. Ra7+ Kb6 41. Reb7+ Kc6 42. Rd7 Rf2 43. Rac7+ Kb6
44. Rb7+ Kc6 45. Rdc7+ Kd6 46. Rxb5 Kxc7 47. Rxc5+ Kb6 48. Rc2 Rf1+ 49. Ka2
Kb5 50. a4+ Kb4 51. Rc4+ Ka5 52. Rc5+ Kb4 53. Rc2 g5 54. Rc4+ Ka5 55. Rc5+
Kb4 56. Rb5+ Kc3 57. Rxg5 Rf2+ 58. Ka3 Rf1 59. Rc5+ Kd4 60. Rc4+ Kd3 61. h4
Ra1+ 62. Kb4 Rh1 63. a5 Rb1 64. g4 Rh1 65. g5 Rg1 66. a6 Ra1 67. Kb5 Rb1 68.
a7 Rxb3+ 69. Ka4 Rb1 70. Rc7 Ra1+ 71. Kb5 Ke4 72. Kb6 Rb1+ 73. Ka6 Ra1+ 74.
Kb6 Rb1+ 75. Ka6 Ra1+ 76. Kb6 Rb1+ 77. Ka6 Ra1+ 78. Kb6 Rb1+ 79. Ka6 Ra1+
80. Kb6 {Game drawn by repetition} 1/2-1/2

[Event "GambitGuide"]
[Site "Internet Chess Club"]
[Date "2014.10.30"]
[Round "1"]
[White "JSBach"]
[Black "Ernie1"]
[Result "1-0"]
[ICCResult "Black resigns"]
[WhiteElo "1717"]
[BlackElo "1381"]
[Opening "Vienna: `Frankenstein-Dracula' variation"]
[ECO "C27"]
[NIC "VG.02"]
[Time "18:47:01"]
[TimeControl "120+12"]

1. e4 e5 2. Nc3 Nf6 3. Bc4 Nxe4 4. Qh5 Nd6 5. Bb3 Nc6 6. Nb5 g6 7. Qf3 f5 8.
Qd5 Qe7 9. Nxc7+ Kd8 10. Nxa8 b6 11. Ba4 Bb7 12. Nxb6 axb6 13. Qb3 Ne4 14.
Qxb6+ Kc8 15. Nf3 Bg7 16. d3 Nc5 17. Bxc6 Bxc6 18. Bg5 Qe6 19. Qxc5
{Black resigns}
1-0

[Event "GambitGuide"]
[Site "Internet Chess Club"]
[Date "2014.10.30"]
[Round "1"]
[White "JSBach"]
[Black "Wannabet"]
[Result "1-0"]
[ICCResult "Black resigns"]
[WhiteElo "1717"]
[BlackElo "1436"]
[Opening "Vienna: `Frankenstein-Dracula' variation"]
[ECO "C27"]
[NIC "VG.02"]
[Time "18:47:33"]
[TimeControl "120+12"]

1. e4 e5 2. Nc3 Nf6 3. Bc4 Nxe4 4. Qh5 Nd6 5. Bb3 Nc6 6. Nb5 g6 7. Qf3 f5 8.
Qd5 Qe7 9. Nxc7+ Kd8 10. Nxa8 b6 11. Ba4 Qg5 12. d4 e4 13. Bxg5+ {Black
resigns} 1-0

[Event "GambitGuide"]
[Site "Internet Chess Club"]
[Date "2014.10.30"]
[Round "1"]
[White "JSBach"]
[Black "kaens"]
[Result "0-1"]
[ICCResult "White checkmated"]
[WhiteElo "1717"]
[BlackElo "2439"]
[Opening "Vienna: `Frankenstein-Dracula' variation"]
[ECO "C27"]
[NIC "VG.02"]
[Time "18:44:44"]
[TimeControl "120+12"]

1. e4 e5 2. Nc3 Nf6 3. Bc4 Nxe4 4. Qh5 Nd6 5. Bb3 Nc6 6. Nb5 g6 7. Qf3 f5 8.
Qd5 Qe7 9. Nxc7+ Kd8 10. Nxa8 b6 11. Ba4 Nd4 12. f4 exf4+ 13. Kd1 Bg7 14. g4
Bb7 15. Nxb6 axb6 16. Qxb7 Nxb7 17. gxf5 Nc5 18. Bb3 f3 19. Bc4 Re8 20. Nh3
Qh4 21. c3 Ne2 22. d4 Qxh3 23. dxc5 bxc5 24. Bg5+ Kc7 25. f6 Qg2 26. fxg7
Qxh1+ 27. Kc2 Qxa1 28. g8=Q Rxg8 29. Bf4+ d6 30. Be3 Re8 31. Bf2 Qc1+ 32.
Kb3 Rb8+ 33. Ka4 Qxb2 34. Bxc5 dxc5 35. Bb3 Nxc3+ 36. Ka5 Qa3+ 37. Ba4 Qxa4#
{White checkmated}
0-1

[Event "GambitGuide"]
[Site "Internet Chess Club"]
[Date "2014.10.30"]
[Round "1"]
[White "JSBach"]
[Black "ziwenzhou"]
[Result "1-0"]
[ICCResult "Black resigns"]
[WhiteElo "1717"]
[BlackElo "2059"]
[Opening "Vienna: `Frankenstein-Dracula' variation"]
[ECO "C27"]
[NIC "VG.02"]
[Time "18:48:26"]
[TimeControl "120+12"]

1. e4 e5 2. Nc3 Nf6 3. Bc4 Nxe4 4. Qh5 Nd6 5. Bb3 Nc6 6. Nb5 g6 7. Qf3 f5 8.
Qd5 Qe7 9. Nxc7+ Kd8 10. Nxa8 b6 11. Ba4 Bb7 12. Nxb6 axb6 13. Qb3 Kc7 14.
Ne2 Bg7 15. Nc3 Re8 16. Nd5+ {Black resigns} 1-0

[Event "GambitGuide"]
[Site "Internet Chess Club"]
[Date "2014.10.30"]
[Round "1"]
[White "JSBach"]
[Black "WhiteMoon"]
[Result "0-1"]
[ICCResult "White checkmated"]
[WhiteElo "1717"]
[BlackElo "2159"]
[Opening "Vienna: `Frankenstein-Dracula' variation"]
[ECO "C27"]
[NIC "VG.02"]
[Time "18:47:42"]
[TimeControl "120+12"]

1. e4 e5 2. Nc3 Nf6 3. Bc4 Nxe4 4. Qh5 Nd6 5. Bb3 Nc6 6. Nb5 g6 7. Qf3 f5 8.
Qd5 Qe7 9. Nxc7+ Kd8 10. Nxa8 b6 11. Ba4 Bb7 12. Nxb6 axb6 13. Qb3 Kc7 14.
Ne2 Bg7 15. Nc3 Nd4 16. Nd5+ Bxd5 17. Qxd5 b5 18. Bb3 Nc4 19. c3 Nb6 20.
cxd4 Nxd5 21. Bxd5 exd4+ 22. Kf1 Re8 23. g3 Qc5 24. Bb3 d3 25. Rg1 Bd4 26.
Rg2 Qe5 27. Rg1 Qe2+ 28. Kg2 Qxf2+ 29. Kh3 Qxg1 30. Bd5 g5 31. Bf3 Qf1+ 32.
Bg2 g4+ 33. Kh4 Bf6+ 34. Kh5 Qxg2 35. h4 gxh3 36. Kh6 Qxg3 37. Kxh7 Qg7#
{White checkmated}
0-1

[Event "GambitGuide"]
[Site "Internet Chess Club"]
[Date "2014.10.30"]
[Round "1"]
[White "JSBach"]
[Black "franco"]
[Result "1-0"]
[ICCResult "Black resigns"]
[WhiteElo "1717"]
[BlackElo "1392"]
[Opening "Vienna: `Frankenstein-Dracula' variation"]
[ECO "C27"]
[NIC "VG.02"]
[Time "18:46:35"]
[TimeControl "120+12"]

1. e4 e5 2. Nc3 Nf6 3. Bc4 Nxe4 4. Qh5 Nd6 5. Bb3 Nc6 6. Nb5 g6 7. Qf3 f5 8.
Qd5 Qe7 9. Nxc7+ Kd8 10. Nxa8 b6 11. Ba4 Bb7 12. Nxb6 axb6 13. Qb3 Bg7 14.
Qxb6+ Ke8 15. Ne2 Qd8 16. Qxd8+ Kxd8 17. d3 e4 18. Bg5+ Kc7 19. dxe4 Nxe4
20. Bc1 Re8 21. O-O Nd4 22. Bf4+ Kd8 23. Nxd4 Bxd4 24. Rad1 Bxf2+ 25. Rxf2
Nxf2 26. Rxd7+ Kc8 27. Rc7+ Kd8 28. Bxe8 Kxe8 29. Rxb7 Ne4 30. Rxh7 g5 31.
Be5 f4 32. b4 f3 33. gxf3 Nd2 34. Kf2 Nc4 35. Bf6 Nd6 36. a4 Nf5 37. b5 Nd6
38. b6 Nf7 39. b7 Nd6 40. b8=Q+ {Black resigns} 1-0

[Event "GambitGuide"]
[Site "Internet Chess Club"]
[Date "2014.10.30"]
[Round "1"]
[White "JSBach"]
[Black "LarsB"]
[Result "1-0"]
[ICCResult "Black resigns"]
[WhiteElo "1701"]
[BlackElo "1899"]
[Opening "Vienna: `Frankenstein-Dracula' variation"]
[ECO "C27"]
[NIC "VG.02"]
[Time "18:48:46"]
[TimeControl "120+12"]

1. e4 e5 2. Nc3 Nf6 3. Bc4 Nxe4 4. Qh5 Nd6 5. Bb3 Nc6 6. Nb5 g6 7. Qf3 f5 8.
Qd5 Qe7 9. Nxc7+ Kd8 10. Nxa8 b6 11. Ba4 Bb7 12. Nxb6 axb6 13. Qb3 Bg7 14.
Qxb6+ Ke8 15. b4 Kf7 16. Bb3+ Kf6 17. Bd5 Rb8 18. Rb1 Bh6 19. b5 Nd8 20. Ba3
Bxd5 21. Qxb8 N8f7 22. Bxd6 Qxd6 23. Qxd6+ Nxd6 24. Nf3 Bxf3 25. gxf3
{Black resigns}
1-0

[Event "GambitGuide"]
[Site "Internet Chess Club"]
[Date "2014.10.30"]
[Round "1"]
[White "JSBach"]
[Black "ziwenzhou"]
[Result "1-0"]
[ICCResult "Black resigns"]
[WhiteElo "1701"]
[BlackElo "2059"]
[Opening "Vienna: `Frankenstein-Dracula' variation"]
[ECO "C27"]
[NIC "VG.02"]
[Time "18:48:53"]
[TimeControl "120+12"]

1. e4 e5 2. Nc3 Nf6 3. Bc4 Nxe4 4. Qh5 Nd6 5. Bb3 Nc6 6. Nb5 g6 7. Qf3 f5 8.
Qd5 Qe7 9. Nxc7+ Kd8 10. Nxa8 b6 11. Ba4 Bb7 12. Nxb6 axb6 13. Qb3 Kc7 14.
Ne2 Na5 15. Qh3 Bg7 16. c3 e4 17. Qg3 Be5 18. Qh3 g5 19. O-O g4 20. Qh6 Nf7
21. Qh5 Ng5 22. d4 exd3 23. Bxg5 dxe2 24. Bxe7 exf1=Q+ 25. Rxf1 {Black
resigns} 1-0

[Event "GambitGuide"]
[Site "Internet Chess Club"]
[Date "2014.10.30"]
[Round "1"]
[White "JSBach"]
[Black "Shrodingers-Cat"]
[Result "1-0"]
[ICCResult "Black resigns"]
[WhiteElo "1701"]
[BlackElo "1480"]
[Opening "Vienna: `Frankenstein-Dracula' variation"]
[ECO "C27"]
[NIC "VG.02"]
[Time "18:44:45"]
[TimeControl "120+12"]

1. e4 e5 2. Nc3 Nf6 3. Bc4 Nxe4 4. Qh5 Nd6 5. Bb3 Nc6 6. Nb5 g6 7. Qf3 f5 8.
Qd5 Qe7 9. Nxc7+ Kd8 10. Nxa8 b6 11. Ba4 Nb4 12. Qb3 Nb7 13. a3 Na5 14. Qxb4
Qxb4 15. axb4 Bxb4 16. c3 Be7 17. Bd1 Bb7 18. Rxa5 bxa5 19. Bf3 d5 20. d4 e4
21. Be2 Bxa8 22. Bf4 g5 23. Bb8 Kd7 24. Bxa7 Rc8 25. Ba6 Rf8 26. Bc5 Bxc5
27. dxc5 Kc6 28. b4 axb4 29. cxb4 d4 30. Ne2 Rd8 31. Kd2 Kd5 32. Ng3 Ke5 33.
b5 f4 34. Nh5 e3+ 35. Kd3 Be4+ 36. Kc4 d3 37. fxe3 fxe3 38. Ng3 d2 39. Rd1
Bxg2 40. c6 Rd4+ 41. Kc5 Rd8 42. b6 Bxc6 43. Kxc6 Kf4 44. b7 Kf3 45. Kc7 Re8
46. Bb5 Re7+ 47. Kc8 {Black resigns} 1-0

[Event "GambitGuide"]
[Site "Internet Chess Club"]
[Date "2014.10.30"]
[Round "1"]
[White "JSBach"]
[Black "Blatherman"]
[Result "1/2-1/2"]
[ICCResult "Game drawn by repetition"]
[WhiteElo "1701"]
[BlackElo "1400"]
[Opening "Vienna: `Frankenstein-Dracula' variation"]
[ECO "C27"]
[NIC "VG.02"]
[Time "18:43:17"]
[TimeControl "120+12"]

1. e4 e5 2. Nc3 Nf6 3. Bc4 Nxe4 4. Qh5 Nd6 5. Bb3 Nc6 6. Nb5 g6 7. Qf3 f5 8.
Qd5 Qe7 9. Nxc7+ Kd8 10. Nxa8 b6 11. Ba4 Bb7 12. Nxb6 axb6 13. Qb3 Kc7 14.
Ne2 b5 15. Bxb5 Nxb5 16. Qxb5 Qb4 17. c4 Qxb5 18. cxb5 Nb4 19. O-O Nd3 20.
g3 Bf3 21. Nc3 Kb6 22. a4 Bb4 23. Rb1 h5 24. Ra1 Ka5 25. h4 g5 26. hxg5 h4
27. Kh2 hxg3+ 28. Kxg3 e4 29. Nxe4 Bxe4 30. f3 Bd6+ 31. Kg2 Rh2+ 32. Kg1
Nxc1 33. Raxc1 Bd3 34. Rf2 Rh5 35. g6 Rg5+ 36. Rg2 Rxg2+ 37. Kxg2 f4 38. g7
Bh7 39. b3 Be5 40. Rc4 Bxg7 41. Rxf4 Bc2 42. Rf7 Bh6 43. Rxd7 Bxb3 44. Rd6
Bf4 45. Rd4 Bc7 46. f4 Bb6 47. Re4 Bd5 48. d3 Bxe4+ 49. dxe4 Kxa4 50. f5
Kxb5 51. e5 Kc6 52. Kg3 Kd7 53. Kf4 Bc7 54. Ke4 Ke7 55. Kf4 Kf7 56. Ke4 Ke7
57. Kf4 Kf7 58. Ke4 Ke7 59. Kf4 Kf7 60. Ke4 {Game drawn by repetition}
1/2-1/2

[Event "GambitGuide"]
[Site "Internet Chess Club"]
[Date "2014.10.30"]
[Round "1"]
[White "JSBach"]
[Black "VIG85"]
[Result "1-0"]
[ICCResult "Black resigns"]
[WhiteElo "1701"]
[BlackElo "1154"]
[Opening "Vienna: `Frankenstein-Dracula' variation"]
[ECO "C27"]
[NIC "VG.02"]
[Time "18:50:16"]
[TimeControl "120+12"]

1. e4 e5 2. Nc3 Nf6 3. Bc4 Nxe4 4. Qh5 Nd6 5. Bb3 Nc6 6. Nb5 g6 7. Qf3 f5 8.
Qd5 Qe7 9. Nxc7+ Kd8 10. Nxa8 b6 11. Ba4 Bb7 12. Nxb6 axb6 13. Qb3 Ne4 14.
Qxb6+ Ke8 15. Qxb7 Qc5 16. Qc8+ Kf7 17. Qxd7+ Kg8 18. Bb3+ {Black resigns}
1-0

[Event "GambitGuide"]
[Site "Internet Chess Club"]
[Date "2014.10.30"]
[Round "1"]
[White "JSBach"]
[Black "Riltus1"]
[Result "1-0"]
[ICCResult "Black resigns"]
[WhiteElo "1701"]
[BlackElo "1236"]
[Opening "Vienna: `Frankenstein-Dracula' variation"]
[ECO "C27"]
[NIC "VG.02"]
[Time "18:47:40"]
[TimeControl "120+12"]

1. e4 e5 2. Nc3 Nf6 3. Bc4 Nxe4 4. Qh5 Nd6 5. Bb3 Nc6 6. Nb5 g6 7. Qf3 f5 8.
Qd5 Qe7 9. Nxc7+ Kd8 10. Nxa8 b6 11. Ba4 Nd4 12. f4 exf4+ 13. Kd1 Bg7 14. g4
Bb7 15. Nxb6 axb6 16. Qxb7 Nxb7 17. gxf5 Nxf5 18. d3 Re8 19. c3 Qe1+ 20. Kc2
Nc5 21. Bb5 Qf2+ 22. Kb1 Qf1 23. Bc4 Bh6 24. Bb5 Qxc1+ 25. Kxc1 f3+ 26. Kd1
f2 27. Nh3 Ne3+ 28. Ke2 Nc2+ 29. Kxf2 Nxa1 30. Rxa1 {Black resigns} 1-0

[Event "GambitGuide"]
[Site "Internet Chess Club"]
[Date "2014.10.30"]
[Round "1"]
[White "JSBach"]
[Black "franco"]
[Result "1-0"]
[ICCResult "Black resigns"]
[WhiteElo "1701"]
[BlackElo "1392"]
[Opening "Vienna: `Frankenstein-Dracula' variation"]
[ECO "C27"]
[NIC "VG.02"]
[Time "18:51:12"]
[TimeControl "120+12"]

1. e4 e5 2. Nc3 Nf6 3. Bc4 Nxe4 4. Qh5 Nd6 5. Bb3 Nc6 6. Nb5 g6 7. Qf3 f5 8.
Qd5 Qe7 9. Nxc7+ Kd8 10. Nxa8 b6 11. Ba4 Bb7 12. Nxb6 axb6 13. Qb3 Kc7 14.
Ne2 Qg5 15. O-O h5 16. Re1 h4 17. d4 h3 18. Bxg5 {Black resigns} 1-0

[Event "GambitGuide"]
[Site "Internet Chess Club"]
[Date "2014.10.30"]
[Round "1"]
[White "JSBach"]
[Black "ziwenzhou"]
[Result "1-0"]
[ICCResult "Black resigns"]
[WhiteElo "1701"]
[BlackElo "2059"]
[Opening "Vienna: `Frankenstein-Dracula' variation"]
[ECO "C27"]
[NIC "VG.02"]
[Time "18:50:12"]
[TimeControl "120+12"]

1. e4 e5 2. Nc3 Nf6 3. Bc4 Nxe4 4. Qh5 Nd6 5. Bb3 Nc6 6. Nb5 g6 7. Qf3 f5 8.
Qd5 Qe7 9. Nxc7+ Kd8 10. Nxa8 b6 11. Ba4 Bb7 12. Nxb6 axb6 13. Qb3 Kc7 14.
Ne2 Na5 15. Qh3 h5 16. Qg3 f4 17. Qh3 g5 18. O-O g4 19. Qc3+ Kb8 20. Re1 Ne4
21. Qd3 Nc5 22. Qb5 f3 23. Qxb6 Nxa4 24. Qxa5 Nc5 25. d4 Ne4 26. gxf3 gxf3
27. Ng3 Nxg3 28. hxg3 h4 29. Rxe5 Qf6 30. Re8+ Bc8 31. Bf4+ d6 32. Qb6+
{Black resigns}
1-0

[Event "GambitGuide"]
[Site "Internet Chess Club"]
[Date "2014.10.30"]
[Round "1"]
[White "JSBach"]
[Black "Riltus1"]
[Result "0-1"]
[ICCResult "White checkmated"]
[WhiteElo "1701"]
[BlackElo "1236"]
[Opening "Vienna: `Frankenstein-Dracula' variation"]
[ECO "C27"]
[NIC "VG.02"]
[Time "18:52:04"]
[TimeControl "120+12"]

1. e4 e5 2. Nc3 Nf6 3. Bc4 Nxe4 4. Qh5 Nd6 5. Bb3 Nc6 6. Nb5 g6 7. Qf3 f5 8.
Qd5 Qe7 9. Nxc7+ Kd8 10. Nxa8 b6 11. Ba4 Nd4 12. f4 exf4+ 13. Kd1 Bg7 14. g4
Bb7 15. Nxb6 Re8 16. Qe5 Qxe5 17. Nxd7 Qe1# {White checkmated} 0-1

[Event "GambitGuide"]
[Site "Internet Chess Club"]
[Date "2014.10.30"]
[Round "1"]
[White "JSBach"]
[Black "jewels2"]
[Result "1-0"]
[ICCResult "Black checkmated"]
[WhiteElo "1701"]
[BlackElo "1124"]
[Opening "Vienna: `Frankenstein-Dracula' variation"]
[ECO "C27"]
[NIC "VG.02"]
[Time "18:43:12"]
[TimeControl "120+12"]

1. e4 e5 2. Nc3 Nf6 3. Bc4 Nxe4 4. Qh5 Nd6 5. Bb3 Nc6 6. Nb5 g6 7. Qf3 f5 8.
Qd5 Qe7 9. Nxc7+ Kd8 10. Nxa8 b6 11. Ba4 Nd4 12. f4 exf4+ 13. Kd1 Bg7 14. g4
Bb7 15. Nxb6 axb6 16. Qxb7 Nxb7 17. gxf5 Qe4 18. c3 Qxh1 19. cxd4 Qxg1+ 20.
Kc2 Bxd4 21. h3 Qf1 22. d3 Nc5 23. Bb5 f3 24. Bg5+ Kc7 25. Rxf1 f2 26. Bf4+
d6 27. f6 Rf8 28. Bg5 h6 29. Bh4 g5 30. b4 Ne6 31. Bc4 gxh4 32. Bxe6 Rxf6
33. Bd5 Rg6 34. Kd2 Rg1 35. Ke2 Rg3 36. Rc1+ Kd8 37. Rc4 Re3+ 38. Kxf2 Rxd3+
39. Ke2 Re3+ 40. Kd2 Rxh3 41. Rxd4 Rh2+ 42. Ke3 h3 43. Rh4 Rc2 44. Rxh6 h2
45. Kd3 Rb2 46. Rxd6+ Ke7 47. Rxb6 Rb1 48. Re6+ Kd7 49. Rh6 Rd1+ 50. Kc4
Rc1+ 51. Kb5 Rd1 52. Bc6+ Kc7 53. Rxh2 Rd6 54. Rh7+ Kb8 55. a4 Rf6 56. Rb7+
Kc8 57. a5 Rf5+ 58. Kb6 Rf4 59. Rc7+ Kb8 60. b5 Ra4 61. Rb7+ Ka8 62. Re7+
Kb8 63. Re8# {Black checkmated} 1-0

[Event "GambitGuide"]
[Site "Internet Chess Club"]
[Date "2014.10.30"]
[Round "1"]
[White "JSBach"]
[Black "nsideurheadbro"]
[Result "1-0"]
[ICCResult "Black resigns"]
[WhiteElo "1701"]
[BlackElo "1184"]
[Opening "Vienna: `Frankenstein-Dracula' variation"]
[ECO "C27"]
[NIC "VG.02"]
[Time "18:49:41"]
[TimeControl "120+12"]

1. e4 e5 2. Nc3 Nf6 3. Bc4 Nxe4 4. Qh5 Nd6 5. Bb3 Nc6 6. Nb5 g6 7. Qf3 f5 8.
Qd5 Qe7 9. Nxc7+ Kd8 10. Nxa8 b6 11. Ba4 Bb7 12. Nxb6 axb6 13. Qb3 Kc7 14.
Ne2 Bg7 15. O-O Qg5 16. d4 Nxd4 17. Bxg5 Nxb3 18. Bxb3 f4 19. f3 h6 20. Bh4
g5 21. Bf2 Re8 22. Rad1 e4 23. Bxb6+ Kxb6 24. Rxd6+ Kc7 25. Rfd1 Bc6 26.
fxe4 Rxe4 27. Kf1 Bxb2 28. Rxh6 Bb5 29. Re1 Bc3 30. Bd5 Re3 31. a4 Bxe1 32.
axb5 Ba5 33. Rh5 Re5 34. c4 d6 35. h4 gxh4 36. Rxh4 Bb6 37. Rh7+ Kc8 38.
Nxf4 Rf5 39. Be6+ {Black resigns} 1-0

[Event "GambitGuide"]
[Site "Internet Chess Club"]
[Date "2014.10.30"]
[Round "1"]
[White "JSBach"]
[Black "Ernie1"]
[Result "1-0"]
[ICCResult "Black resigns"]
[WhiteElo "1705"]
[BlackElo "1381"]
[Opening "Vienna: `Frankenstein-Dracula' variation"]
[ECO "C27"]
[NIC "VG.02"]
[Time "18:49:34"]
[TimeControl "120+12"]

1. e4 e5 2. Nc3 Nf6 3. Bc4 Nxe4 4. Qh5 Nd6 5. Bb3 Nc6 6. Nb5 g6 7. Qf3 f5 8.
Qd5 Qe7 9. Nxc7+ Kd8 10. Nxa8 b6 11. Ba4 Bg7 12. Bxc6 dxc6 13. Qb3 e4 14.
Qa4 Bd7 15. Qxa7 Nb5 16. Qb8+ Bc8 17. Qxb6+ Ke8 18. Qxc6+ Bd7 19. Qd5 Nd4
20. Nc7+ Kf8 21. Qc4 Bc6 22. Na6 Bb5 23. Qc8+ Kf7 24. Qc7 Bxa6 25. Qxe7+
Kxe7 26. Kd1 Rd8 27. c3 Nb5 28. a4 Nd6 29. b4 Bc4 30. f3 e3 31. Ra3 exd2 32.
Bxd2 Bg8 33. Bg5+ Bf6 34. Bxf6+ Kxf6 35. Kc2 Nc4 36. Ra1 Rd2+ 37. Kc1 Rf2
38. Nh3 Rxg2 39. b5 Ne3 40. Ra3 Rc2+ 41. Kb1 Bc4 42. b6 Bd3 43. Ka1 Rg2 44.
b7 Nc2+ 45. Kb2 Nd4+ 46. Kc1 Rc2+ 47. Kd1 Ne2 48. b8=Q Rc1+ 49. Kd2 Rc2+ 50.
Kxd3 {Black resigns} 1-0

[Event "GambitGuide"]
[Site "Internet Chess Club"]
[Date "2014.10.30"]
[Round "1"]
[White "JSBach"]
[Black "franco"]
[Result "1-0"]
[ICCResult "Black resigns"]
[WhiteElo "1691"]
[BlackElo "1392"]
[Opening "Vienna: `Frankenstein-Dracula' variation"]
[ECO "C27"]
[NIC "VG.02"]
[Time "18:52:21"]
[TimeControl "120+12"]

1. e4 e5 2. Nc3 Nf6 3. Bc4 Nxe4 4. Qh5 Nd6 5. Bb3 Nc6 6. Nb5 g6 7. Qf3 f5 8.
Qd5 Qe7 9. Nxc7+ Kd8 10. Nxa8 b6 11. Ba4 Bb7 12. Nxb6 axb6 13. Qb3 Kc7 14.
Ne2 Qg5 15. O-O h5 16. Re1 f4 17. Nc3 h4 18. Nd5+ Kd8 19. Qxb6+ Ke8 20. d4
f3 21. Bxg5 {Black resigns} 1-0

[Event "GambitGuide"]
[Site "Internet Chess Club"]
[Date "2014.10.30"]
[Round "1"]
[White "JSBach"]
[Black "ziwenzhou"]
[Result "0-1"]
[ICCResult "White checkmated"]
[WhiteElo "1696"]
[BlackElo "2059"]
[Opening "Vienna: `Frankenstein-Dracula' variation"]
[ECO "C27"]
[NIC "VG.02"]
[Time "18:52:50"]
[TimeControl "120+12"]

1. e4 e5 2. Nc3 Nf6 3. Bc4 Nxe4 4. Qh5 Nd6 5. Bb3 Nc6 6. Nb5 g6 7. Qf3 f5 8.
Qd5 Qe7 9. Nxc7+ Kd8 10. Nxa8 b6 11. Ba4 Bb7 12. Nxb6 axb6 13. Qb3 b5 14.
Nf3 bxa4 15. Qxa4 e4 16. Nd4 Bg7 17. Nb5 Nxb5 18. Qxb5 Kc7 19. a3 Rc8 20.
Qc4 Kb8 21. Qa4 Nd4 22. c3 Bc6 23. Qd1 Nf3+ 24. gxf3 exf3+ 25. Kf1 Qh4 26.
Qb3+ Bb7 27. h3 Qe4 28. Qb5 Rc5 29. a4 Rxb5 30. h4 Qe2+ 31. Kg1 Qe1+ 32. Kh2
Qxf2+ 33. Kh3 Qg2# {White checkmated} 0-1